 Dungeon Crawl Stone Soup version 0.30.1 (webtiles) character file.

Game seed: 5461338414560188697

312 Pepete the Conjurer (level 5, 0/41 HPs)
             Began as a Demigod Conjurer on July 2, 2023.
             Slain by Crazy Yiuf
             ... wielding a +4 quarterstaff of chaos
              (8 damage)
             ... on level 3 of the Dungeon.
             The game lasted 00:03:56 (5461 turns).

Pepete the Conjurer (Demigod Conjurer)              Turns: 5461, Time: 00:03:57

Health: 0/41       AC:  4    Str:  8    XL:     5   Next: 97%
Magic:  10/12      EV: 12    Int: 24    God:
Gold:   86         SH:  0    Dex: 12    Spells: 9/10 levels left

rFire   . . .        i - +0 whip
rCold   . . .        (no shield)
rNeg    . . .        l - +0 robe
rPois   .            (no helmet)
rElec   .            (no cloak)
rCorr   .            j - +0 pair of gloves
SInv    .            f - +0 pair of boots
Will    .....        (no amulet)
Stlth   ++           m - ring of wizardry
HPRegen 0.26/turn    (no ring)
MPRegen 0.13/turn

%: wizardry (x1)
@: lethally poisoned (0 -> -3)
A: high MP 1, forlorn, divine attributes
a: no special abilities


You were on level 3 of the Dungeon.
You visited 1 branch of the dungeon, and saw 3 of its levels.

You collected 86 gold pieces.

Inventory:

Hand Weapons
 i - a +0 whip (weapon)
Armour
 a - a +0 robe
 f - a +0 pair of boots (worn)
 j - a +0 pair of gloves (worn)
 l - a +0 robe (worn)
Jewellery
 m - a ring of wizardry (left hand)
Scrolls
 g - a scroll of fog {unknown}
 n - a scroll of magic mapping
Potions
 d - 2 potions of brilliance
 e - a potion of might
 h - 2 potions of haste {unknown}
 k - a potion of lignification {unknown}


   Skills:
 + Level 1.7 Fighting
 - Level 0.5 Short Blades
 + Level 1.6 Maces & Flails
 + Level 1.7 Armour
 - Level 1.7 Dodging
 - Level 1.7 Stealth
 * Level 3.3 Spellcasting
 * Level 4.7 Conjurations


You had 9 spell levels left.
You knew the following spells:

 Your Spells              Type           Power      Damage    Failure   Level
a - Magic Dart            Conj           100%       1d8       1%          1

Your spell library contained the following spells:

 Spells                   Type           Power      Damage    Failure   Level
 Searing Ray              Conj           52%        2d6       1%          2
 Apportation              Tloc           6%         N/A       4%          1
 Dazzling Flash           Conj/Hex       30%        N/A       4%          3
 Ensorcelled Hibernation  Hex/Ice        6%         N/A       6%          2
 Passwall                 Tmut/Erth      2%         N/A       6%          2
 Portal Projectile        Hex/Tloc       6%         N/A       13%         3
 Swiftness                Air            3%         N/A       13%         3
 Tukima's Dance           Hex            3%         N/A       13%         3
 Fulminant Prism          Conj/Hex       7%         3d7       16%         4
 Iskenderun's Mystic Bla  Conj/Tloc      15%        2d5       16%         4
 Alistair's Intoxication  Tmut/Pois      2%         N/A       71%         5
 Blade Hands              Tmut           1%         N/A       71%         5


Dungeon Overview and Level Annotations

Branches:
Dungeon (3/15)

Annotations:
D:3 Crazy Yiuf


Innate Abilities, Weirdness & Mutations

You have an increased reservoir of magic. (+10% MP)
You shall have no god before yourself.
Your divine heritage dramatically boosts your attributes as you level up.


Message History

Crazy Yiuf hits you with a +4 quarterstaff of chaos!
Crazy Yiuf burns you.
The magic dart hits Crazy Yiuf.
Crazy Yiuf is moderately wounded.
Crazy Yiuf hits you with a +4 quarterstaff of chaos.
Crazy Yiuf burns you.
The magic dart hits Crazy Yiuf.
Crazy Yiuf is heavily wounded.
Crazy Yiuf twirls on the spot.
Crazy Yiuf hits you with a +4 quarterstaff of chaos!
* * * LOW HITPOINT WARNING * * *
You feel your power leaking away.
You are too injured to fight recklessly!
You are too injured to fight recklessly!
You are too injured to fight recklessly!
You feel much better.
Crazy Yiuf hits you with a +4 quarterstaff of chaos!
You are poisoned.
Magic courses through your body.
You feel sick.
Crazy Yiuf hits you with a +4 quarterstaff of chaos!
Crazy Yiuf freezes you.
* * * LOW HITPOINT WARNING * * *
Casting: Magic Dart (safe; 1% risk of failure)
Confirm with . or Enter, or press ? or * to list all spells.
Aiming: Magic Dart (safe; 1% risk of failure)
Press: ? - help, Shift-Dir - straight line, f/p - Crazy Yiuf
Aim: Crazy Yiuf, wielding a +4 quarterstaff of chaos and wearing a +0 cloak (heavily wounded, 100% to hit)
The magic dart hits Crazy Yiuf.
Crazy Yiuf is heavily wounded.
You feel sick. Crazy Yiuf misses you.
Casting: Magic Dart (safe; 1% risk of failure)
Confirm with . or Enter, or press ? or * to list all spells.
Aiming: Magic Dart (safe; 1% risk of failure)
Press: ? - help, Shift-Dir - straight line, f/p - Crazy Yiuf
Aim: Crazy Yiuf, wielding a +4 quarterstaff of chaos and wearing a +0 cloak (heavily wounded, 100% to hit)
The magic dart hits Crazy Yiuf.
Crazy Yiuf is almost dead.
You feel sick.
Crazy Yiuf hits you with a +4 quarterstaff of chaos!
You die...

..........................###.#.#
####.#.##################.# #.#.#
#.#.# #.# #.#.# ###...# #####
#.###.#.# ##....## #)..#
####.....#.# #..#.####### #...#
#.....##.#.# ..##.###...# ...
#.....##.#.# ...........# #g#
#.....##.#.# ####.###...# ♣@♣♣
#.....##.#.. .....# #...# ♣♣.♣
#.....##.#.. ###### #...# ♣.♣♣
#........... #...# ♣♣.♣
########.#.# #...# ♣♣.♣♣
#.....##.#.. ##### ♣♣...♣
#.....##.### ♣....♣ #...........
###### #+..+# #.....##.#..
#....####....###.....##.###


You could see Crazy Yiuf.

Vanquished Creatures
  Grinder (D:3)
  A phantom (D:3)
  A gnoll (D:1)
  2 adders (D:2)
  2 dart slugs
  4 ball pythons (D:1)
  4 bats
  3 endoplasms (D:1)
  4 hobgoblins
  4 quokkas
  A frilled lizard (D:2)
  5 goblins
  3 kobolds
  3 rats
38 creatures vanquished.

Notes
Turn   | Place    | Note
-------+----------+-------------------------------------------
     0 | D:1      | Pepete the Demigod Conjurer began the quest for the Orb.
     0 | D:1      | Reached XP level 1. HP: 14/14 MP: 5/5
  1111 | D:1      | Reached XP level 2. HP: 22/22 MP: 4/7
  2393 | D:2      | Reached skill level 4 in Conjurations
  2393 | D:2      | Reached XP level 3. HP: 26/27 MP: 0/9
  4160 | D:3      | Noticed Grinder
  4163 | D:3      | Paralysed by Grinder for 3 turns
  4178 | D:3      | Paralysed by Grinder for 4 turns
  4185 | D:3      | Paralysed by Grinder for 5 turns
  4198 | D:3      | Paralysed by Grinder for 3 turns
  4202 | D:3      | Killed Grinder
  4203 | D:3      | Reached skill level 1 in Fighting
  4203 | D:3      | Reached skill level 1 in Maces & Flails
  4203 | D:3      | Reached skill level 1 in Armour
  4203 | D:3      | Reached XP level 4. HP: 24/35 MP: 5/11
  4203 | D:3      | Reached XP level 5. HP: 28/40 MP: 5/12
  4636 | D:3      | Found a runed translucent door.
  4637 | D:3      | Noticed Crazy Yiuf
  5461 | D:3      | Slain by Crazy Yiuf

Illustrated notes

Levels and vault maps discovered:
D:1:      minmay_arrival_four_circles, layout_basic
D:2:      layout_basic, basic_altar, chequers_serial_rivers_large_a,
          minmay_misc_feat_doors
D:3:      layout_basic, lemuel_crystal_altar, hangedman_decor_push,
          uniq_grinder, uniq_crazy_yiuf_cottage

Skill      XL: |  1  2  3 |
---------------+----------+-----
Spellcasting   | 2 3 |  3.3
Conjurations   | 4 |  4.7
Fighting       | 1 |  1.7
Maces & Flails | 1 |  1.6
Armour         | 1 |  1.7
Short Blades   | |  0.5
Dodging        | |  1.7
Stealth        | |  1.7

Action                     |  1- 3 |  4- 6 || total
---------------------------+-------+-------++-------
  Melee: Short sword       |     3 |       ||     3
         Whip              |     9 |       ||     9
   Cast: Magic Dart        |    69 |    25 ||    94
    Use: Scroll            |     5 |       ||     5
         Potion            |     3 |     2 ||     5
 Armour: Robe              |     8 |     2 ||    10
  Dodge: Dodged            |    11 |     2 ||    13
